 Dungeon Crawl Stone Soup version 0.31-a0-1178-gc5c9b8f871 (webtiles) character file.

Game seed: 12516797367160449385

215 qw the Shooter (level 5, -5/32 HPs)
             Began as a Gargoyle Hunter on Dec 11, 2023.
             Killed by nerve-wracking pain
             ... invoked by an orc priest
              (6 damage)
             ... on level 4 of the Dungeon.
             The game lasted 00:00:54 (2401 turns).

qw the Shooter (Gargoyle Hunter)                    Turns: 2401, Time: 00:00:55

Health: -5/32      AC:  9    Str: 14    XL:     5   Next: 92%
Magic:  5/5        EV: 10    Int: 16    God:
Gold:   120        SH:  0    Dex: 14    Spells: 4/4 levels left

rFire   + . .        a - +1 shortbow
rCold   . . .        (shield currently unavailable)
rNeg    + . .        b - +0 ring mail
rPois   inf          (no helmet)
rElec   +            (no cloak)
rCorr   .            (no gloves)
SInv    .            (no boots)
Will    .....        (no amulet)
Stlth   +            k - ring "Jesaxuum" {rElec rF+ Int+3}
HPRegen 0.25/turn    (no ring)
MPRegen 0.09/turn

%: no passive effects
@: about to teleport
A: sickness immunity, AC +4, negative energy resistance 1, electricity
resistance, torment resistance 1, petrification resistance, clever 1
a: no special abilities


You were on level 4 of the Dungeon.
You visited 1 branch of the dungeon, and saw 4 of its levels.

You collected 120 gold pieces.


Innate Abilities, Weirdness & Mutations

You are immune to sickness and miasma.
Your stone body is resilient. (AC +4)
You are immune to poison.
You resist negative energy. (rN+)
You are resistant to electric shocks. (rElec)
You are resistant to unholy torment.
You are immune to petrification.
Your mind is acute. (Int +4, Str/Dex -1)


   Skills:
 + Level 3.5 Fighting
 - Level 6.2 Ranged Weapons
 - Level 1.6 Armour
 - Level 1.5 Dodging
 - Level 1.1 Stealth


You had 4 spell levels left.
You didn't know any spells.
Your spell library was empty.

Inventory:

Hand Weapons
 a - a +1 shortbow (weapon)
Armour
 b - a +0 ring mail (worn)
Jewellery
 k - the ring "Jesaxuum" (left hand) {rElec rF+ Int+3}
   (You found it on level 3 of the Dungeon)

   [ring of protection from fire]

   Int+3:     It affects your intelligence (+3).
   rF+:       It protects you from fire.
   rElec:     It insulates you from electricity.
Wands
 i - a wand of polymorph (3)
 j - a wand of flame (15)
Scrolls
 f - 2 scrolls of identify
 h - 2 scrolls of teleportation
Potions
 d - a potion of mutation

Dungeon Overview and Level Annotations

Branches:
Dungeon (4/15)
 Temple: D:4-7

Altars:
Ashenzari
Cheibriados
Gozag
Wu Jian


Message History

An orc priest comes into view. It is wielding a +0 whip.
You shoot an arrow. The arrow hits the orc priest.
The orc priest is moderately wounded.
You hear a shout!
The orc priest hits you but does no damage.
You shoot an arrow. The arrow hits the orc priest!
The orc priest is almost dead.
The orc priest hits you with a +0 dagger.
An orc comes into view. It is wielding a +2 dagger of venom.
The orc priest mumbles some strange prayers to Beogh against you.
Pain shoots through your body!
The orc priest hits you but does no damage.
You shoot an arrow. The arrow hits the orc priest.
You kill the orc priest!
The orc priest hits you with a +0 whip.
You shoot an arrow. The arrow barely misses the orc priest.
The orc priest hits you but does no damage.
The orc hits you with a +2 dagger of venom.
You shoot an arrow. The arrow hits the orc priest.
The orc priest is moderately wounded.
The orc priest barely misses you. The orc hits you but does no damage.
You shoot an arrow. The arrow hits the orc priest.
The orc priest is moderately wounded.
The orc hits you with a +2 dagger of venom.
The orc priest hits you but does no damage.
You shoot an arrow. The arrow hits the orc priest.
The orc priest is heavily wounded.
The orc hits you but does no damage. The orc priest hits you with a +0 whip.
The orc barely misses you.
The orc priest calls down the wrath of Beogh upon you.
Beogh smites you!
2400 ||| READING 3 scrolls of teleportation.
As you read the scroll of teleportation, it crumbles to dust.
You feel strangely unstable. The orc priest hits you with a +0 whip.
The orc hits you with a +2 dagger of venom.
You shoot an arrow. The arrow barely misses the orc priest.
The orc priest invokes the aid of Beogh against you.
Pain shoots through your body!
You die...

.## ... ##### ..# #
#... (.###.# #..#
......# #..#######
..... #..#.....##o.#
#######....###..@o.#
...........# #.##..#
#######.##.# #.#
..... #.##......
..#### #.########
### #######.#
........# #########


You could see an orc priest and an orc.

Vanquished Creatures
  A jelly (D:4)
  A hound (D:4)
  An orc priest (D:4)
  5 adders (D:2)
  3 worms
  A dart slug (D:1)
  2 orcs (D:3)
  8 endoplasms
  3 giant cockroaches
  3 hobgoblins (D:1)
  4 jackals (D:3)
  2 quokkas (D:1)
  5 ball pythons
  4 bats
  6 frilled lizards
  6 goblins
  3 kobolds
  12 rats
70 creatures vanquished.

Notes
Turn   | Place    | Note
-------+----------+-------------------------------------------
     0 | D:1      | qw the Gargoyle Hunter began the quest for the Orb.
     0 | D:1      | Reached XP level 1. HP: 12/12 MP: 1/1
     0 | D:1      | 0 ||| qw: Version: 0.3-a-106-g2cfff9e
     0 | D:1      | 0 ||| qw: Game counter: 1964
     0 | D:1      | 0 ||| qw: Melee chars always use a shield: true
     0 | D:1      | 0 ||| qw: God list: Okawaru
     0 | D:1      | 0 ||| qw: Allow faded altars: false
     0 | D:1      | 0 ||| qw: Do Orc after clearing Dungeon:15 true
     0 | D:1      | 0 ||| qw: Do second Lair branch before Depths: true
     0 | D:1      | 0 ||| qw: Lair rune preference: random
     0 | D:1      | 0 ||| qw: Goals: Normal, Save, Zot:1-4, Win
     0 | D:1      | 0 ||| PLANNING D:1-11
   117 | D:1      | You fall into a shaft and drop 1 floor!
   158 | D:2      | Reached XP level 2. HP: 10/17 MP: 2/2
   238 | D:2      | Reached XP level 3. HP: 21/21 MP: 3/3
   321 | D:2      | Reached skill level 5 in Ranged Weapons
   454 | D:2      | 454 ||| READING scroll labelled LOASSA ESEO.
   454 | D:2      | 454 ||| ENCHANTING +0 shortbow.
   455 | D:2      | 455 ||| READING scroll labelled KASTUSUTSU.
   456 | D:2      | 456 ||| READING 2 scrolls labelled HUW XOVENUN.
   460 | D:2      | 460 ||| DROPPING scroll of butterflies.
   622 | D:1      | Reached skill level 3 in Fighting
   656 | D:1      | Reached XP level 4. HP: 28/28 MP: 4/4
  1539 | D:2      | 1539 ||| READING scroll labelled MEACWYO LEASAG.
  1540 | D:2      | 1540 ||| DRINKING 2 orange potions.
  1540 | D:2      | Gained mutation: Your mind is acute. (Int +4, Str/Dex -1)
                  | [potion of mutation]
  1757 | D:3      | Identified the ring "Jesaxuum" {rElec rF+ Int+3}
  1764 | D:3      | Found a faded altar of an unknown god.
  1982 | D:3      | Reached XP level 5. HP: 32/32 MP: 5/5
  2173 | D:3      | Found a snail-covered altar of Cheibriados.
  2173 | D:3      | Found a broken altar of Ashenzari.
  2173 | D:3      | Found an ornate altar of the Wu Jian Council.
  2173 | D:3      | Found an opulent altar of Gozag.
  2185 | D:3      | 2185 ||| UPGRADING to +0 ring mail.
  2195 | D:3      | 2195 ||| DROPPING +0 leather armour.
  2196 | D:3      | 2196 ||| UPGRADING to ring "Jesaxuum" {rElec rF+ Int+3}.
  2197 | D:3      | 2197 ||| READING 6 scrolls labelled FUERYKHEM.
  2197 | D:3      | 2197 ||| IDENTIFYING golden potion
  2198 | D:3      | 2198 ||| READING 5 scrolls of identify.
  2198 | D:3      | 2198 ||| IDENTIFYING clear potion
  2199 | D:3      | 2199 ||| READING 4 scrolls of identify.
  2199 | D:3      | 2199 ||| IDENTIFYING scroll labelled UHUQUJAN LAPPO
  2200 | D:3      | 2200 ||| READING 3 scrolls of identify.
  2200 | D:3      | 2200 ||| IDENTIFYING scroll labelled DATZIV BOIFIK
  2201 | D:3      | 2201 ||| DROPPING potion of attraction.
  2202 | D:3      | 2202 ||| DROPPING potion of degeneration.
  2203 | D:3      | 2203 ||| DROPPING scroll of immolation.
  2204 | D:3      | 2204 ||| DROPPING scroll of amnesia.
  2271 | D:4      | 2271 ||| PLANNING SEWER
  2295 | D:4      | Reached skill level 1 in Armour
  2369 | D:4      | Reached skill level 6 in Ranged Weapons
  2399 | D:4      | HP: 7/32 [orc priest/divine providence (10)]
  2400 | D:4      | 2400 ||| READING 3 scrolls of teleportation.
  2400 | D:4      | HP: 1/32 [orc/+2 dagger of venom (5)]
  2401 | D:4      | Killed from afar by an orc priest

Levels and vault maps discovered:
D:1:      sevenhm_arrival_forest_fort_large_3, layout_basic,
          minmay_close_crescents
D:2:      layout_loops_corners
D:3:      layout_basic, chequers_temple_overflow_statue_of_worship,
          ebering_ecumenical_altar_rust, st_stairs_3, grunt_ministairs_8,
          amcnicky_mini_corridor_feature
D:4:      layout_loops_ring, doesnt_xom_only_xom,
          worldfamousw_hep_ancestral_shrine, gup_sewer_entry_glass,
          ebering_ghost_disaster_area, uniq_natasha

Skill      XL: |  1  2  3  4  5 |
---------------+----------------+-----
Ranged Weapons | 5 6 |  6.2
Fighting       | 3 |  3.5
Armour         | 1 |  1.6
Dodging        | |  1.5
Stealth        | |  1.1

Action                     |  1- 3 |  4- 6 || total
---------------------------+-------+-------++-------
   Fire: Shortbow          |    74 |   128 ||   202
    Use: Scroll            |     3 |     6 ||     9
         Potion            |       |     1 ||     1
 Armour: Leather armour    |     9 |    28 ||    37
         Ring mail         |       |    24 ||    24
  Dodge: Dodged            |    15 |    58 ||    73

Table legend:
 A = Non-vault XP
 B = Vault XP
 C = Vault XP percentage of total XP
 D = Non-vault monster count
 E = Vault monster count
 F = Vault count percentage of total count
                 A         B        C        D         E       F
            +---------+---------+-------+---------+---------+-------
      Total |     296 |      12 |   3.9 |      64 |       6 |   8.6
            +---------+---------+-------+---------+---------+-------
        D:1 |      43 |       3 |   6.5 |      27 |       2 |   6.9
        D:2 |     103 |       0 |   0.0 |      24 |       0 |   0.0
        D:3 |      16 |       9 |  36.0 |       9 |       4 |  30.8
        D:4 |     134 |       0 |   0.0 |       4 |       0 |   0.0
            +---------+---------+-------+---------+---------+-------
